 Dungeon Crawl Stone Soup version 0.30-a0-782-ge64f9170bb (webtiles) character file.

Game seed: 5731291544570938720

2 Engwar the Sneak (level 1, -1/11 HPs)
             Began as a Spriggan Delver on Feb 22, 2023.
             Slain by an ufetubus (3 damage)
             ... on level 5 of the Dungeon.
             The game lasted 00:00:36 (54 turns).

Engwar the Sneak (Spriggan Delver)                    Turns: 54, Time: 00:00:36

Health: -1/11      AC:  2    Str:  8    XL:     1   Next: 25%
Magic:  2/2        EV: 17    Int: 11    God:
Gold:   11         SH:  0    Dex: 16    Spells: 0/0 levels left

rFire   . . .      SeeInvis +    a - +0 short sword
rCold   . . .      Faith    .    (no shield)
rNeg    . . .      Spirit   .    b - +0 robe
rPois   .          Reflect  .    (helmet restricted)
rElec   .          Harm     .    (no cloak)
rCorr   .          Rampage  .    (gloves unavailable)
Will    .....                    (boots unavailable)
Stlth   ++++                     (no amulet)
HPRegen 0.21/turn                (no ring)
MPRegen 0.08/turn                (no ring)

@: very quick
A: very small, no large weapons, unfitting armour, see invisible, speed 3
a: no special abilities


You were on level 5 of the Dungeon.
You visited 1 branch of the dungeon, and saw 1 of its levels.

You collected 11 gold pieces.

Inventory:

Hand Weapons
 a - a +0 short sword (weapon)
Armour
 b - a +0 robe (worn)
Wands
 g - a wand of digging (3)
Scrolls
 c - a scroll of fog
 e - a scroll of fear
Potions
 f - a potion of haste


   Skills:
 + Level 2.4 Fighting
 + Level 2.2 Short Blades
 + Level 2.7 Dodging
 - Level 7.2 Stealth


You couldn't memorise any spells.
You didn't know any spells.
Your spell library was empty.

Dungeon Overview and Level Annotations

Branches:
Dungeon (5/15)
 Temple: D:4-7

Altars:


Innate Abilities, Weirdness & Mutations

You are very small and have problems with some larger weapons.
You are too small for most types of armour.
You have supernaturally acute eyesight. (SInv)
You cover ground extremely quickly. (Speed+++)


Message History

An orc comes into view. It is wielding a +0 short sword.
The ufetubus closely misses you. x2
You barely miss the ufetubus. The ufetubus closely misses you. x2
You hit the ufetubus but do no damage. The ufetubus closely misses you.
The ufetubus completely misses you.
A black bear comes into view.
You hit the ufetubus but do no damage. The ufetubus barely misses you.
The ufetubus closely misses you.
You miss the ufetubus. The ufetubus closely misses you. x2
The ufetubus barely misses you. The ufetubus closely misses you.
You hit the ufetubus.
The ufetubus is lightly wounded.
The ufetubus hits you. x2
You are too injured to fight recklessly!
You are too injured to fight recklessly!
You are too injured to fight recklessly!
You are too injured to fight recklessly!
You are too injured to fight recklessly!
You are too injured to fight recklessly!
You are too injured to fight recklessly!
You are too injured to fight recklessly!
You are too injured to fight recklessly!
You are too injured to fight recklessly!
You are too injured to fight recklessly!
You are too injured to fight recklessly!
You miss the ufetubus.
The ufetubus is lightly wounded.
The ufetubus barely misses you. The ufetubus completely misses you.
You hit the ufetubus but do no damage.
The ufetubus is lightly wounded.
The ufetubus barely misses you. The ufetubus misses you. The ufetubus hits you.
* * * LOW HITPOINT WARNING * * *
The ufetubus barely misses you.
You miss the ufetubus.
The ufetubus is lightly wounded.
The ufetubus barely misses you. The ufetubus misses you.
You closely miss the ufetubus.
The ufetubus is lightly wounded.
The ufetubus closely misses you. The ufetubus hits you.
You die...

*****#..,,,,,,,,,,.#
****,**,,*
#.##**,,***,*.#####,,*,*,,*,
#..,,*,,###,,.....,,,,,*****
#.#*,,,,,..##.#.###,*<**
#.####..##.........,*,*
#.......##..h....,,**,*
#.#####....oo.#,**,**,* #.#
****#5#**,**,**,* #.### #@#
*,,,,,,,* #...#
###.###***,****
###>#####.....# *,**
#>...........# *,,******
#..####......# **,,,,,,*
#..#**#......# *,****,*
#...,*#......# *,****,*
#.##.*#.###### *,,,**,*
#.#*.##.# ********,*,**,*


You could see a black bear, 2 orcs and an ufetubus.

Vanquished Creatures
  An orc (D:5)
1 creature vanquished.

Notes
Turn   | Place    | Note
-------+----------+-------------------------------------------
     0 | D:5      | Engwar the Spriggan Delver began the quest for the Orb.
     0 | D:5      | Reached XP level 1. HP: 11/11 MP: 2/2
    47 | D:5      | Noticed a black bear
    54 | D:5      | Slain by an ufetubus

Illustrated notes

Levels and vault maps discovered:
D:5:      minmay_skewed_foursquare, layout_loops_cross, lemuel_doored_altar

Action                     || total
---------------------------++-------
  Melee: Short sword       ||    13
    Use: Scroll            ||     1
  Dodge: Dodged            ||    21

Table legend: (Time is in decaauts)
 A = Elapsed time spent in this place.
 B = Non-inter-level travel time spent in this place.
 C = Inter-level travel time spent in this place.
 D = Time resting spent in this place.
 E = Time spent auto-exploring this place.
 F = Levels seen in this place.
 G = Mean time per level.
                   A        B        C        D        E       F      G
               +--------+--------+--------+--------+--------+-----+--------+
         Total |     36 |     36 |      0 |      0 |      0 |   1 |   36.0 |
       Dungeon |     36 |     36 |      0 |      0 |      0 |   1 |   36.0 |
               +--------+--------+--------+--------+--------+-----+--------+

Top non-repeatable levels by time:
     D:5: 36 daAuts
